 Seeded DCSS version 0.29.0-7-g18a832c13a (webtiles) character file.

Game seed: 1 (custom seed)

15612 Kazon the Basher (level 11, -2/91 HPs)
             Began as a Demigod Fighter on Aug 31, 2022.
             Slain by a three-headed hydra (10 damage)
             ... on level 1 of the Lair of Beasts.
             The game lasted 00:36:49 (8260 turns).

Kazon the Basher (Demigod Fighter)                  Turns: 8260, Time: 00:36:49

Health: -2/91      AC:  9    Str: 25    XL:     11   Next: 71%
Magic:  14/14      EV: 13    Int: 10    God:
Gold:   505        SH:  6    Dex: 17    Spells: 10/10 levels left

rFire   . . .      SeeInvis .   f - +1 war axe (flame)
rCold   . . .      Faith    .   c - +0 buckler
rNeg    . . .      Spirit   .   L - +0 troll leather armour
rPois   +          Reflect  .   E - +0 helmet
rElec   .          Harm     .   (no cloak)
rCorr   .          Rampage  .   (no gloves)
Will    +....                   p - +2 pair of boots
Stlth   +++.......              k - amulet of regeneration
HPRegen 1.85/turn               b - +4 ring of slaying
MPRegen 0.14/turn               K - ring of poison resistance

@: studying 2 skills
A: high MP 1, forlorn, divine attributes
a: no special abilities


You were on level 1 of the Lair of Beasts.
You visited 2 branches of the dungeon, and saw 11 of its levels.

You collected 689 gold pieces.
You spent 184 gold pieces at shops.

Inventory:

Hand Weapons
 e - a +2 dagger of venom
 f - a +1 war axe of flaming (weapon)
 q - the +6 shillelagh "Devastator" {shatter}
   (You found it on level 6 of the Dungeon)

   It releases a powerful concussive burst when it strikes, dealing extra damage
   to the target and all other foes adjacent to them.
 s - the +3 falchion of Winter {venom, rCorr}
   (You bought it in a shop on level 3 of the Dungeon)

   It poisons the flesh of those it strikes.
   rCorr:     It protects you from acid and corrosion.
 v - a +1 demon whip of venom
Missiles
 h - 36 stones (quivered)
 j - 22 poisoned darts
 m - a throwing net
 n - 8 boomerangs
 D - a boomerang of dispersal
 G - 3 curare-tipped darts
Armour
 c - a +0 buckler (worn)
 p - a +2 pair of boots (worn)
 E - a +0 helmet (worn)
 J - a +2 chain mail of cold resistance
 L - a +0 troll leather armour (worn)
Jewellery
 b - a +4 ring of slaying (left hand)
 k - an amulet of regeneration (around neck)
 K - a ring of poison resistance (right hand)
Wands
 y - a wand of flame (16)
 z - a wand of mindburst (22)
Scrolls
 i - 2 scrolls of identify
 l - 2 scrolls of fog {unknown}
 o - a scroll of enchant armour {unknown}
 r - 2 scrolls of immolation {unknown}
 u - 4 scrolls of enchant weapon {unknown}
 w - 3 scrolls of blinking {unknown}
 A - 2 scrolls of vulnerability {unknown}
 I - a scroll of teleportation {unknown}
Potions
 a - 2 potions of ambrosia
 d - a potion of might
 g - 2 potions of flight
 t - a potion of haste
 x - a potion of lignification {unknown}
 B - 2 potions of heal wounds {unknown}
 C - 2 potions of curing {unknown}
 F - a potion of mutation


   Skills:
 + Level 6.8 Fighting
 + Level 3.2(5.1) Short Blades
 + Level 6.2(6.6) Long Blades
 + Level 0.2(6.1) Axes
 + Level 9.9(10.0) Maces & Flails
 + Level 5.0 Throwing
 + Level 6.7 Armour
 + Level 4.7 Dodging
 + Level 5.2 Stealth
 + Level 5.4 Shields
 * Level 7.4 Evocations


You had 10 spell levels left.
You didn't know any spells.
Your spell library contained the following spells:

 Spells                   Type           Power      Damage    Failure   Level
 Apportation              Tloc           0%         N/A       50%         1
 Necrotise                Necr           0%         1d4       50%         1
 Sting                    Tmut/Pois      0%         1d3       50%         1
 Summon Small Mammal      Summ           0%         N/A       50%         1
 Ensorcelled Hibernation  Hex/Ice        0%         N/A       63%         2
 Poisonous Vapours        Pois/Air       0%         N/A       63%         2
 Ignite Poison            Fire/Tmut/Pois 0%         N/A       86%         3
 Mephitic Cloud           Conj/Pois/Air  0%         N/A       86%         3
 Spider Form              Tmut/Pois      0%         N/A       86%         3
 Anguish                  Hex/Necr       0%         N/A       99%         4
 Olgreb's Toxic Radiance  Pois           0%         N/A       99%         4
 Freezing Cloud           Conj/Ice/Air   0%         6-21      100%        5


Dungeon Overview and Level Annotations

Branches:
Dungeon (10/15)            Temple (0/1) D:7            Lair (1/5) D:10
    Orc: D:9-12

Shops:
D:3 (   D:7 *   D:9 (

Annotations:
D:8 3 runed translucent doors, Lemondrips's ghost, novice MiAK; Tirrikindir's ghost, novice OpFi; Xanbad's ghost, novice MeHu; apoch's ghost, journeyman MiBe; robertstho's ghost, novice TeBe
D:9 3 runed translucent doors, gelatine's ghost, novice DsVM


Innate Abilities, Weirdness & Mutations

You have an increased reservoir of magic. (+10% MP)
You shall have no god before yourself.
Your divine heritage dramatically boosts your attributes as you level up.


Message History

The flame cauterises the wound!
You slice the six-headed hydra!! You burn the six-headed hydra.
The six-headed hydra is moderately wounded.
The six-headed hydra bites you but does no damage. x2
The six-headed hydra bites you!
You block the six-headed hydra's attack.
The six-headed hydra bites you but does no damage.
The six-headed hydra bites you.
The six-headed hydra bites you but does no damage. x2
You block the six-headed hydra's attack.
The six-headed hydra bites you. The six-headed hydra barely misses you.
The six-headed hydra misses you.
You slice one of the six-headed hydra's heads off!
The flame cauterises the wound!
You hit the five-headed hydra. You burn the five-headed hydra.
The five-headed hydra is heavily wounded.
The five-headed hydra bites you! x2
The five-headed hydra bites you but does no damage.
The five-headed hydra misses you. The five-headed hydra bites you!
You chop one of the five-headed hydra's heads off!
The flame cauterises the wound!
You hit the four-headed hydra. You burn the four-headed hydra.
The four-headed hydra is heavily wounded.
You block the four-headed hydra's attack.
The four-headed hydra bites you. The four-headed hydra misses you.
The four-headed hydra bites you!
* * * LOW HITPOINT WARNING * * *
You hack one of the four-headed hydra's heads off!
The flame cauterises the wound!
You slash the three-headed hydra! You burn the three-headed hydra.
The three-headed hydra is severely wounded.
The three-headed hydra bites you!
* * * LOW HITPOINT WARNING * * *
The three-headed hydra bites you.
* * * LOW HITPOINT WARNING * * *
The three-headed hydra bites you but does no damage.
You barely miss the three-headed hydra.
The three-headed hydra is severely wounded.
The three-headed hydra bites you!
You die...

.#### #... .....
#.. #.### #.. .#
..##.#P# #..
........... #.# #
....P#####.
#.##.#.....##.###.
#.D...............
#@###..#.#........
##.................
#..##.##.#####.....
##..#.##.####P.....
##.................
#P..#.#.###..###.#.
##.##..#.##..###..#
#.................
#.#P..............


You could see a three-headed hydra.

Vanquished Creatures
  Erica (Lair:1)
  5 death yaks (D:10)
  Amaemon (D:10)
  2 black mambas (Lair:1)
  3 cane toads (Lair:1)
  An orange demon (D:10)
  2 unseen horrors
  2 gargoyles (D:8)
  Maggie (D:7)
  3 trolls
  A hornet (D:10)
  A slime creature (D:8)
  A wyvern (Lair:1)
  A vampire (D:10)
  Eustachio (D:4)
  A basilisk (Lair:1)
  5 yaks (D:8)
  2 steam dragons
  A vampire mosquito (D:8)
  Duvessa (D:5)
  4 water moccasins
  3 orc warriors
  3 ice beasts
  3 black bears
  6 ogres
  2 centaurs (D:8)
  3 wolves (Lair:1)
  2 phantoms
  2 kobold brigands
  9 bullfrogs
  5 scorpions
  2 necrophages (D:5)
  A gnoll sergeant (D:10)
  5 wights (D:7)
  Dowan (D:5)
  12 killer bees
  2 howler monkeys
  8 hounds
  A jelly (D:6)
  A gnoll bouda (D:8)
  6 orc priests
  4 iguanas
  11 orc wizards
  Natasha (thrice) (D:4)
  15 gnolls
  2 adders (D:2)
  An ufetubus (D:4)
  2 worms
  3 dart slugs
  54 orcs
  7 endoplasms
  A giant cockroach (D:1)
  8 goblins
  12 hobgoblins
  7 jackals
  19 kobolds
  4 quokkas
  5 ball pythons
  2 bats
  4 frilled lizards
  5 rats
286 creatures vanquished.

Vanquished Creatures (others)
  A fungus (Lair:1)
  5 plants (Lair:1)
6 creatures vanquished.

Grand Total: 292 creatures vanquished

Notes
Turn   | Place    | Note
-------+----------+-------------------------------------------
     0 | D:1      | Kazon the Demigod Fighter began the quest for the Orb.
     0 | D:1      | Reached XP level 1. HP: 18/18 MP: 3/3
    47 | D:1      | Identified a scroll of acquirement
    47 | D:1      | Acquired a manual of Stealth
   255 | D:1      | Reached skill level 1 in Stealth
   333 | D:1      | Reached XP level 2. HP: 10/25 MP: 4/4
   707 | D:2      | Reached XP level 3. HP: 25/31 MP: 5/5
   724 | D:3      | Found Umat's Antique Weapon Boutique.
   986 | D:2      | Reached XP level 4. HP: 38/38 MP: 6/6
  1477 | D:3      | Bought a crude falchion for 184 gold pieces
  1477 | D:3      | Identified the +3 falchion of Winter {venom, rCorr} (You
                  | bought it in a shop on level 3 of the Dungeon)
  2048 | D:4      | Reached XP level 5. HP: 45/45 MP: 7/7
  2138 | D:4      | Reached skill level 1 in Throwing
  2252 | D:4      | Noticed Eustachio
  2268 | D:4      | Killed Eustachio
  2269 | D:4      | Reached skill level 1 in Short Blades
  2269 | D:4      | Reached XP level 6. HP: 50/51 MP: 8/8
  2476 | D:4      | Noticed a water moccasin
  2496 | D:4      | Killed a water moccasin
  2501 | D:4      | Reached skill level 1 in Dodging
  2501 | D:4      | Reached skill level 1 in Evocations
  2599 | D:4      | Reached XP level 7. HP: 57/57 MP: 9/9
  2794 | D:4      | Noticed Natasha
  2802 | D:4      | Killed Natasha
  2929 | D:4      | Noticed Natasha
  2934 | D:4      | Killed Natasha
  2986 | D:4      | Noticed Natasha
  2994 | D:4      | Killed Natasha
  3104 | D:5      | Entered Level 5 of the Dungeon
  3256 | D:5      | Noticed Dowan
  3256 | D:5      | Noticed Duvessa
  3268 | D:5      | Killed Duvessa
  3269 | D:5      | Reached XP level 8. HP: 60/66 MP: 10/10
  3273 | D:5      | Killed Dowan
  3426 | D:5      | Reached skill level 5 in Long Blades
  3652 | D:5      | Reached skill level 5 in Armour
  3950 | D:6      | Found the +6 shillelagh "Devastator" {shatter}
  4211 | D:6      | Reached XP level 9. HP: 72/72 MP: 11/11
  4221 | D:6      | Reached skill level 1 in Maces & Flails
  4575 | D:7      | Noticed Maggie
  4588 | D:7      | Killed Maggie
  4589 | D:7      | Reached skill level 2 in Maces & Flails
  4745 | D:7      | Found Binerhev's Lightly-Used Armoury.
  4851 | D:7      | Reached skill level 3 in Maces & Flails
  5100 | D:7      | Found a staircase to the Ecumenical Temple.
  5298 | D:7      | Reached skill level 5 in Fighting
  5671 | D:8      | Reached skill level 5 in Evocations
  5783 | D:8      | Reached skill level 4 in Maces & Flails
  5796 | D:8      | Reached XP level 10. HP: 69/81 MP: 13/13
  5798 | D:8      | Found a runed translucent gate.
  5798 | D:8      | Found a runed translucent gate.
  5798 | D:8      | Found a runed translucent gate.
  6043 | D:8      | Reached skill level 5 in Maces & Flails
  6094 | D:8      | Identified the +6 great sword of the Gloaming {distort, rC+
                  | Will+ Dex+4}
  6165 | D:8      | Reached skill level 6 in Maces & Flails
  6481 | D:8      | Noticed apoch's ghost (journeyman MiBe)
  6481 | D:8      | Noticed Tirrikindir's ghost (novice OpFi)
  6482 | D:8      | Noticed robertstho's ghost (novice TeBe)
  6482 | D:8      | Noticed Lemondrips's ghost (novice MiAK)
  6483 | D:8      | Noticed Xanbad's ghost (novice MeHu)
  6669 | D:9      | Reached skill level 7 in Maces & Flails
  6686 | D:9      | Found a runed translucent gate.
  6686 | D:9      | Found a runed translucent gate.
  6686 | D:9      | Found a runed translucent gate.
  6864 | D:9      | Noticed gelatine's ghost (novice DsVM)
  6906 | D:9      | Found Sudgh's Antique Weapon Shop.
  7131 | D:10     | Entered Level 10 of the Dungeon
  7334 | D:10     | Noticed a death yak
  7348 | D:10     | Noticed a death yak
  7349 | D:10     | Noticed a death yak
  7351 | D:10     | Noticed a death yak
  7354 | D:10     | Killed a death yak
  7360 | D:10     | Noticed a death yak
  7362 | D:10     | Killed a death yak
  7363 | D:10     | Reached XP level 11. HP: 50/89 MP: 14/14
  7365 | D:10     | Killed a death yak
  7365 | D:10     | Killed a death yak
  7366 | D:10     | Reached skill level 8 in Maces & Flails
  7366 | D:10     | Reached skill level 5 in Shields
  7375 | D:10     | Killed a death yak
  7445 | D:10     | Noticed Amaemon
  7449 | D:10     | Killed Amaemon
  7507 | D:10     | Found a staircase to the Lair.
  7848 | Lair:1   | Entered Level 1 of the Lair of Beasts
  7860 | Lair:1   | Reached skill level 9 in Maces & Flails
  7869 | Lair:1   | Reached skill level 5 in Stealth
  7952 | Lair:1   | Noticed Erica
  7968 | Lair:1   | Killed Erica
  8005 | Lair:1   | Reached skill level 5 in Throwing
  8254 | Lair:1   | Noticed a seven-headed hydra
  8260 | Lair:1   | Slain by a three-headed hydra

Illustrated notes

Levels and vault maps discovered:
D:1:      dpeg_arrival_three_smaller_balls, layout_basic
D:2:      layout_loops_ring
D:3:      layout_basic, serial_shops, nicolae_shop_stone, st_stairs_7
D:4:      minmay_razor_zed, layout_basic, worldfamousw_hep_ancestral_shrine,
          uniq_eustachio, uniq_natasha
D:5:      layout_basic, uniq_duvessa
D:6:      layout_rooms, dilly_guarded_unrand_devastator
D:7:      layout_basic, nicolae_uskayaw_dance_hall,
          mainiacjoe_overflow_six_doors_small,
          minmay_temple_entry_drinking_statues, serial_rivers,
          chequers_serial_rivers_micro_b, chequers_serial_rivers_small_a,
          chequers_serial_rivers_small_a, chequers_serial_rivers_large_a,
          chequers_serial_rivers_micro_a, minmay_shop_damaged, uniq_maggie
D:8:      minmay_tri_box, layout_loops_ring, gammafunk_ghost_cemetery,
          minmay_manual_mares
D:9:      layout_gridville, serial_shops, nicolae_take_the_stairs,
          gammafunk_ghost_ooze, minivault_11
D:10:     layout_roguey, dpeg_lair_monsters, uniq_amaemon
Lair:1:   layout_long_grid, patterned_corridor, grunt_megastairs_3,
          lemuel_fruit_tree, uniq_erica

Skill      XL: |  1  2  3  4  5  6  7  8  9 10 11 |
---------------+----------------------------------+-----
Stealth        | 1 2 3 4 5 |  5.2
Long Blades    | 2 3 4 6 |  6.2
Fighting       | 3 4 5 6 |  6.8
Armour         | 3 4 5 6 |  6.7
Shields        | 3 4 5 |  5.4
Throwing       | 1 2 3 4 5 |  5.0
Short Blades   | 1 2 3 |  3.2
Dodging        | 1 2 4 |  4.7
Evocations     | 1 2 3 5 6 7 |  7.4
Maces & Flails | 4 7 9 |  9.9
Axes           | |  0.2

Action                   |  1- 3 |  4- 6 |  7- 9 | 10-12 || total
-------------------------+-------+-------+-------+-------++-------
Melee: Long sword        |    95 |    20 |       |       ||   115
       Dagger            |       |   117 |       |    13 ||   130
       Falchion          |       |    19 |   192 |     6 ||   217
       Shillelagh        |       |       |    93 |   141 ||   234
       War axe           |       |       |       |    21 ||    21
Throw: Stone             |       |     5 |    21 |    43 ||    69
       Dart              |       |       |    30 |     6 ||    36
       Boomerang         |       |       |     4 |     7 ||    11
  Use: Scroll            |     1 |       |     4 |     2 ||     7
       Potion            |       |       |     2 |       ||     2
 Stab: Sleeping          |       |       |     1 |     3 ||     4
       Distracted        |       |       |     1 |       ||     1
Armor: Scale mail        |    50 |    65 |    81 |       ||   196
       Acid dragon scale |       |       |     7 |    68 ||    75
       Troll leather arm |       |       |       |    15 ||    15
Dodge: Dodged            |    61 |    49 |   108 |   109 ||   327
Block: Buckler           |    31 |    27 |    59 |    48 ||   165
